 Dungeon Crawl Stone Soup version 0.23-a0-241-g3b46b07 (console) character file.

66 nht the Scratcher (level 3, 0/15 HPs)
             Began as a Felid Transmuter on Sept 26, 2018.
             Slain by a gnoll
             ... wielding a +0 flail
              (2 damage)
             ... on level 2 of the Dungeon.
             The game lasted 00:02:30 (1663 turns).

nht the Scratcher (Felid Transmuter)                Turns: 1663, Time: 00:02:30

Health: 0/15       AC:  2    Str:  6    XL:     3   Next: 96%
Magic:  1/7        EV: 21    Int: 15    God:
Gold:   105        SH:  0    Dex: 21    Spells: 2/6 levels left
                                        Lives:  0   Deaths: 0

rFire    . . .     SeeInvis +     - Unarmed
rCold    . . .     Gourm    .   (shield unavailable)
rNeg     . . .     Faith    .   (armour unavailable)
rPois    x         Spirit   .   (helmet unavailable)
rElec    .         Reflect  .   (cloak unavailable)
rCorr    .         Harm     .   (gloves unavailable)
MR       .....                  (boots unavailable)
Stlth    ++........             (no amulet)
HPRegen  0.05/turn              e - ring of see invisible
MPRegen  0.10/turn              (no ring)

@: spider-form, very slightly contaminated
A: tiny, no armour, no weapons or thrown items, stealth, see invisible,
carnivore, slow metabolism 1
a: End Transformation


You were on level 2 of the Dungeon.
You were very full.
You were a venomous arachnid creature.
You visited 1 branch of the dungeon, and saw 2 of its levels.

You collected 105 gold pieces.

Inventory:

Missiles
 a - 12 arrows
Jewellery
 e - a ring of see invisible (left front leg)
Potions
 d - 2 potions of mutation
 i - a potion of ambrosia {unknown}
 k - a potion of resistance {unknown}
Comestibles
 c - 3 rations


   Skills:
 - Level 1.0 Fighting
 - Level 2.7 Dodging
 * Level 4.3 Unarmed Combat
 - Level 2.0 Spellcasting
 + Level 3.2 Transmutations


You had 2 spell levels left.
You knew the following spells:

 Your Spells              Type           Power        Failure   Level  Hunger
a - Beastly Appendage     Tmut           ##....       17%         1    #......
b - Spider Form           Tmut/Pois      #.........   56%         3    ###....

Your spell library contained the following spells:

 Spells                   Type           Power        Failure   Level  Hunger
 Sticks to Snakes         Tmut           ##......     22%         2    ###....
 Ice Form                 Ice/Tmut       #.......     89%         4    #####..
 Blade Hands              Tmut           ##........   95%         5    ######.


Dungeon Overview and Level Annotations

Branches:
Dungeon (2/15)

Altars:

Annotations:
D:2 1 runed door


Innate Abilities, Weirdness & Mutations

You cannot wear armour.
You are incapable of wielding weapons or throwing items.
Your paws allow you to move quietly. (Stealth)
((You have sharp claws.))
((You have razor-sharp teeth.))
You have supernaturally acute eyesight. (SInv)
You are carnivorous and can eat meat at any time.
((You cover ground quickly.))
((You are covered in fur. (AC +1)))
You have a slow metabolism.
((Your sharp claws are effective at attacking unaware monsters.))


Message History

Your surroundings suddenly seem different.
Casting: Beastly Appendage (safe; 6% risk of failure)
Confirm with . or Enter, or press ? or * to list all spells.
You miscast Spider Form.
You are very lightly contaminated with residual magic.
You feel slightly ill.
The gnoll throws a throwing net.
The throwing net hits you.
You become entangled in the net!
Casting: Spider Form (safe; 34% risk of failure)
Confirm with . or Enter, or press ? or * to list all spells.
You turn into a venomous arachnid creature.
You struggle against the net.
The gnoll closely misses you. x2
You struggle against the net.
The gnoll hits you with a whip. The gnoll barely misses you.
The gnoll misses you.
You struggle against the net.
The gnoll misses you. The gnoll closely misses you.
The gnoll hits you with a flail!
Ouch! That really hurt!
* * * LOW HITPOINT WARNING * * *
You shred the net and break free! The gnoll barely misses you.
The gnoll closely misses you. The gnoll hits you with a flail.
You die... ██████ █..gs█ █+█ █.██g█ ♣.♣♣ █g█

♣♣.♣ ...
♣.♣♣ █.█
♣♣.♣ █ ...
♣♣.♣♣ █.
..██ ███
♣♣...♣ █
█.> .......
♣....♣ █
..█.███§█.█
█....█ █


You could see 3 gnolls.

Vanquished Creatures
  Jessica (D:2)
  2 adders (D:2)
  A worm (D:2)
  A giant cockroach (D:2)
  3 goblins
  3 hobgoblins
  5 kobolds
  4 bats
  A frilled lizard (D:2)
  A rat (D:1)
22 creatures vanquished.

Notes
Turn   | Place    | Note
-------+----------+-------------------------------------------
     0 | D:1      | nht the Felid Transmuter began the quest for the Orb.
     0 | D:1      | Reached XP level 1. HP: 9/9 MP: 4/4
   677 | D:1      | Reached XP level 2. HP: 12/12 MP: 4/6
   889 | D:2      | Noticed Jessica
   900 | D:2      | Killed Jessica
   900 | D:2      | Reached skill level 4 in Unarmed Combat
   900 | D:2      | Reached XP level 3. HP: 5/15 MP: 7/7
  1088 | D:2      | Learned a level 3 spell: Spider Form
  1630 | D:2      | Found a runed door.
  1663 | D:2      | Slain by a gnoll

Vault maps used:
D:1:      minmay_arrival_hallway
D:2:      uniq_crazy_yiuf_cottage, uniq_jessica

Skill      XL: |  1  2 |
---------------+-------+-----
Unarmed Combat | 4 |  4.3
Transmutations | 3 |  3.2
Fighting       | |  1.0
Dodging        | |  2.7
Spellcasting   | |  2.0

Action                   || total
-------------------------++-------
Melee: Unarmed           ||    67
       Bite              ||     3
       Headbutt          ||     5
 Cast: Beastly Appendage ||    11
       Spider Form       ||     4
  Use: Scroll            ||     4
 Stab: Sleeping          ||     7
  Eat: Chunk             ||     9
Armor: Skin              ||     1
Dodge: Dodged            ||    55

Table legend:
 A = Non-vault XP
 B = Vault XP
 C = Vault XP percentage of total XP
 D = Non-vault monster count
 E = Vault monster count
 F = Vault count percentage of total count
                 A         B        C        D         E       F
            +---------+---------+-------+---------+---------+-------
      Total |      58 |      37 |  38.9 |      21 |       1 |   4.5
            +---------+---------+-------+---------+---------+-------
        D:1 |      15 |       0 |   0.0 |       9 |       0 |   0.0
        D:2 |      43 |      37 |  46.2 |      12 |       1 |   7.7
            +---------+---------+-------+---------+---------+-------
